 Dungeon Crawl Stone Soup version 0.16-a0-327-gbff0e38 (webtiles) character file.

237 Ratboiler the Insei (level 6, -2/38 HPs)
             Began as an Octopode Transmuter on Sept 5, 2014.
             Was an Initiate of Gozag.
             Slain by a worker ant (6 damage)
             ... on Level 4 of the Dungeon.
             The game lasted 00:13:57 (4309 turns).

Ratboiler the Insei (Octopode Transmuter)           Turns: 4309, Time: 00:13:58

HP  -2/38        AC  1     Str  9      XL: 6   Next:  6%
MP  19/19        EV 13     Int 21      God: Gozag
Gold 203         SH  0     Dex 14      Spells:  3 memorised,  3 levels left

rFire  + . .     SeeInvis .       - Unarmed
rCold  x . .     Clarity  .     (no shield)
rNeg   . . .     rCorr    .     (helmet restricted)
rPois  +         rRot     .     (no amulet)
rElec  .         Spirit   .     f - ring of magical power
SustAb .         Warding  .     i - cursed ring of poison resistance
rMut   .         Stasis   .     v - ring of fire
Gourm  .                        (no ring)
MR     .....                    (no ring)
                                (no ring)
                                (no ring)
                                (no ring)

@: confused, brilliant, lethally poisoned, not resistant to hostile
enchantments, unstealthy
A: almost no armour, amphibious, 8 rings, constrict 8, camouflage 1, gelatinous
body 1
a: Potion Petition, Call Merchant, Bribe Branch, Renounce Religion


You were on level 4 of the Dungeon.
You worshipped Gozag.
Gozag was noncommittal.
You were not hungry.

You visited 1 branch of the dungeon, and saw 4 of its levels.

You collected 278 gold pieces.
You paid 75 gold pieces to Gozag.

Inventory:

Hand weapons
 b - a +0 blowgun
Missiles
 n - 48 poisoned needles
 w - 32 arrows
Magical devices
 s - a wand of lightning (2)
Comestibles
 a - 2 bread rations
 c - 3 meat rations
 r - a royal jelly
Scrolls
 e - 5 scrolls of identify {unknown}
 g - a scroll of blinking {unknown}
 h - 2 scrolls of remove curse {unknown}
 m - 3 scrolls of recharging {unknown}
 p - 2 scrolls of teleportation {unknown}
 t - a scroll of magic mapping {unknown}
Jewellery
 f - a ring of magical power (left tentacle)
 i - a cursed ring of poison resistance (right tentacle)
 u - an uncursed amulet of stasis
 v - a ring of fire (on tentacle)
Potions
 l - a potion of degeneration {unknown}
 o - a potion of restore abilities
Books
 d - a book of Changes

   Spells                             Type                      Level
   *Beastly Appendage                 Transmutation                1
   *Sticks to Snakes                  Transmutation                2
   *Spider Form                       Transmutation/Poison         3
   Ice Form                           Ice/Transmutation            4
   Blade Hands                        Transmutation                5


   Skills:
 - Level 1.0 Fighting
 + Level 2.6 Dodging
 + Level 5.0 Unarmed Combat
 - Level 2.0 Spellcasting
 + Level 4.1 Transmutations


You had 3 spell levels left.
You knew the following spells:

 Your Spells              Type           Power        Failure   Level  Hunger
a - Beastly Appendage     Trmt           ####..       1%          1    #......
b - Sticks to Snakes      Trmt           ####......   1%          2    ##.....
c - Spider Form           Trmt/Pois      ###.......   2%          3    ###....


Dungeon Overview and Level Annotations

Branches:
Dungeon (4/15)
 Temple: D:4-7

Altars:
Gozag
Kikubaaqudgha

Annotations:
D:3 Zurvan's ghost, average DrCj


Innate Abilities, Weirdness & Mutations

You cannot wear most types of armour.
You are amphibious.
You can wear up to eight rings at the same time.
You can use your tentacles to constrict many enemies at once.
Your skin changes colour to match your surroundings (Stealth).
Your rubbery body absorbs attacks (AC +1).


Message History

The worker ant bites you.
You are poisoned.
The worker ant poisons you!
You feel sick. The worker ant bites you.
You feel sick. The worker ant bites you.
* * * LOW HITPOINT WARNING * * *
The gnoll hits you with a club.
* * * LOW HITPOINT WARNING * * *
Drink which item? (? for menu, Esc to quit)
You are confused.
It was a potion of confusion.
You feel sick.
The worker ant bites you but does no damage.
The gnoll misses you. The worker ant bites you.
* * * LOW HITPOINT WARNING * * *
Drink which item? (? for menu, Esc to quit)
You feel clever all of a sudden.
It was a potion of brilliance.
The gnoll hits you but does no damage. The gnoll misses you.
The gnoll closely misses you. The worker ant bites you.
You die...
Your body crumbles into a pile of gold.

#.....###.......#..
#.. ##....# ###....
#... #...## ##.
..... #...# .....
#..## .###. ####..#
. #. #..#..# ... ##
#...#########......
#
##...)..gg@........
#
#.####.ga........#
. #..#########....#
#..g## ..## #....##
.# #.#..g## #
##....g###
#.......####
#..........##...#


You could see a worker ant and 3 gnolls.

Vanquished Creatures
  Natasha (D:3)
  2 worker ants (D:4)
  8 adders
  A gnoll (D:4)
  A giant mite (D:3)
  A worm (D:2)
  3 giant geckos
  An ooze (D:2)
  3 orcs
  A bat skeleton (D:4)
  2 giant cockroaches
  7 hobgoblins
  4 jackals (D:2)
  10 kobolds
  A ball python (D:1)
  6 bats
  8 giant newts
  11 goblins
  A quokka skeleton (D:4)
  3 rats
  A rat zombie (D:2)
76 creatures vanquished.

Notes
Turn   | Place    | Note
--------------------------------------------------------------
     0 | D:1      | Ratboiler, the Octopode Transmuter, began the quest for the Orb.
     0 | D:1      | Reached XP level 1. HP: 13/13 MP: 3/3
   323 | D:1      | Reached XP level 2. HP: 18/18 MP: 2/4
   344 | D:1      | Learned a level 2 spell: Sticks to Snakes
   985 | D:2      | Found an opulent altar of Gozag.
  1033 | D:2      | Reached XP level 3. HP: 23/23 MP: 3/6
  1461 | D:2      | Reached skill level 4 in Unarmed Combat
  1601 | D:2      | Reached XP level 4. HP: 20/28 MP: 5/7
  1734 | D:2      | Became a worshipper of Gozag Ym Sagoz the Greedy
  1969 | D:2      | Learned a level 3 spell: Spider Form
  2196 | D:2      | Found an ancient bone altar of Kikubaaqudgha.
  2715 | D:3      | Reached XP level 5. HP: 29/33 MP: 9/9
  2871 | D:3      | Noticed Zurvan's ghost (average DrCj)
  3307 | D:3      | Noticed Natasha
  3319 | D:3      | Killed Natasha
  3637 | D:4      | Noticed an ogre
  4110 | D:4      | Reached skill level 5 in Unarmed Combat
  4163 | D:4      | Reached XP level 6. HP: 32/38 MP: 10/10
  4309 | D:4      | Slain by a worker ant

Action                   |  1- 3 |  4- 6 || total
-------------------------+-------+-------++-------
Melee: Unarmed           |    72 |   128 ||   200
 Cast: Beastly Appendage |    11 |    11 ||    22
       Sticks to Snakes  |     3 |       ||     3
Evoke: Wand              |       |     1 ||     1
  Use: Potion            |       |     5 ||     5
 Stab: Sleeping          |     3 |     2 ||     5
  Eat: Chunk             |     2 |     1 ||     3
       Royal jelly       |       |     1 ||     1
       Meat ration       |       |     1 ||     1
       Beef jerky        |       |     1 ||     1
